TOP OF THE 1ST |
Pawtucket Paw Sox batting - Pitching for Elmira Pioneers : RHP Dwayne Henry
|
Pitching: RHP Dwayne Henry
|
|
Batting: LHB Jeff Stone
|
0-0: Ball 1-0: Ball 2-0: Called Strike 2-1: Called Strike 2-2: Strikes out swinging
|
Batting: RHB Shooty Babitt
|
0-0: Called Strike 0-1: Called Strike 0-2: Ball 1-2: Foul Ball, location: 2F 1-2: Ground out 6-3 (Groundball, 6, EV 100.0 MPH)
|
Batting: SHB Orestes Destrade
|
0-0: Ball 1-0: Foul Ball, location: 2F 1-1: Foul Ball, location: 2F 1-2: Ball 2-2: Ball 3-2: Foul Ball, location: 2F 3-2: DOUBLE (Line Drive, 7LM, EV 110.0 MPH)
|
Batting: LHB Steven Garcia
|
0-0: Called Strike 0-1: Ball 1-1: Ground out 4-3 (Groundball, 4, EV 108.1 MPH)
|
Top of the 1st over - 0 runs, 1 hit, 0 errors, 1 left on base; Pawtucket 0 - Elmira 0 |
BOTTOM OF THE 1ST |
Elmira Pioneers batting - Pitching for Pawtucket Paw Sox : LHP John Hobbs
|
Pitching: LHP John Hobbs
|
|
Batting: RHB Ken Dowell
|
0-0: Ball 1-0: Foul Ball, location: 2F 1-1: Ball 2-1: Ball 3-1: Called Strike 3-2: Base on Balls
|
Batting: RHB Mark Wasinger
|
0-0: Ball 1-0: Ball 2-0: Ball 3-0: Called Strike 3-1: Swinging Strike 3-2: Ground out 6-3 (Groundball, 6MS, EV 85.0 MPH) Ken Dowell to second
|
Batting: RHB Richard Givens
|
0-0: Ball 1-0: Swinging Strike 1-1: Swinging Strike 1-2: Strikes out swinging
|
Batting: RHB Frank LaBella
|
0-0: Ball 1-0: Called Strike 1-1: SINGLE (Line Drive, 8RS, EV 102.5 MPH) Ken Dowell to third Runner from 3rd tries for Home, SAFE, throw by CF to home
|
Batting: RHB Edwin Rodriguez
|
0-0: Ball 1-0: Called Strike 1-1: Fly out, F8 (Flyball, 8RD, EV 78.8 MPH)
|
Bottom of the 1st over - 1 run, 1 hit, 0 errors, 1 left on base; Pawtucket 0 - Elmira 1 |
TOP OF THE 2ND |
Pawtucket Paw Sox batting - Pitching for Elmira Pioneers : RHP Dwayne Henry
|
Batting: RHB Brick Smith
|
0-0: Ball 1-0: Swinging Strike 1-1: Foul Ball, location: 2F 1-2: Strikes out swinging
|
Batting: RHB Dave Malpeso
|
0-0: Foul Ball, location: 2F 0-1: SINGLE (Groundball, P, EV 90.6 MPH) (infield hit)
|
Batting: RHB Robert Duran
|
0-0: Foul Ball, location: 2F 0-1: Called Strike 0-2: Ball 1-2: Ball 2-2: Ball 3-2: Base on Balls Dave Malpeso to second
|
Batting: RHB Joseph Baciotti
|
0-0: Foul Ball, location: 2F 0-1: Grounds into double play, 4-6-3 (Groundball, 34, EV 98.1 MPH)
|
Top of the 2nd over - 0 runs, 1 hit, 0 errors, 1 left on base; Pawtucket 0 - Elmira 1 |
BOTTOM OF THE 2ND |
Elmira Pioneers batting - Pitching for Pawtucket Paw Sox : LHP John Hobbs
|
Batting: SHB Esteban Mendez
|
0-0: Ball 1-0: Ground out 4-3 (Groundball, 34, EV 103.1 MPH)
|
Batting: LHB Juan Flores
|
0-0: Ball 1-0: DOUBLE (Flyball, 89D, EV 103.1 MPH)
|
Batting: RHB Greg Keatley
|
0-0: Fly out, F8 (Line Drive, 8LD, EV 87.5 MPH)
|
Batting: LHB Thad Reece
|
0-0: Called Strike 0-1: Called Strike 0-2: Ball 1-2: Fly out, F5 (Popup, 5S, EV 74.4 MPH)
|
Bottom of the 2nd over - 0 runs, 1 hit, 0 errors, 1 left on base; Pawtucket 0 - Elmira 1 |
TOP OF THE 3RD |
Pawtucket Paw Sox batting - Pitching for Elmira Pioneers : RHP Dwayne Henry
|
Batting: RHB Gary Hargis
|
0-0: Ground out 6-3 (Groundball, 6, EV 82.5 MPH)
|
Batting: LHB Jeff Stone
|
0-0: Called Strike 0-1: Ball 1-1: Reached via error on a dropped throw from 1B, E1 (Groundball, 34S, EV 90.6 MPH)
|
Batting: RHB Shooty Babitt
|
0-0: Called Strike 0-1: Called Strike 0-2: Ball 1-2: Foul Ball, location: 2F 1-2: Strikes out swinging
|
Batting: SHB Orestes Destrade
|
0-0: Ball 1-0: Ball 2-0: Ball 3-0: Base on Balls Jeff Stone to second
|
Batting: LHB Steven Garcia
|
0-0: Called Strike 0-1: Swinging Strike 0-2: Ball 1-2: Ball 2-2: Ball 3-2: Base on Balls Jeff Stone to third Orestes Destrade to second
|
Batting: RHB Brick Smith
|
0-0: Called Strike 0-1: Called Strike 0-2: Foul Ball, location: 2F 0-2: Ball 1-2: Foul Ball, location: 2F 1-2: Ball 2-2: SINGLE (Line Drive, 4MD, EV 105.6 MPH) Jeff Stone scores Orestes Destrade to third Steven Garcia to second Runner from 3rd tries for Home, SAFE, throw by CF to home
|
Batting: RHB Dave Malpeso
|
0-0: Swinging Strike 0-1: Swinging Strike 0-2: Fly out, F4 (Flyball, 4D, EV 88.1 MPH)
|
Top of the 3rd over - 2 runs, 1 hit, 1 error, 2 left on base; Pawtucket 2 - Elmira 1 |
BOTTOM OF THE 3RD |
Elmira Pioneers batting - Pitching for Pawtucket Paw Sox : LHP John Hobbs
|
Batting: RHB Ken Dowell
|
0-0: Foul Ball, location: 2F 0-1: Called Strike 0-2: Ball 1-2: Ball 2-2: Ball 3-2: Base on Balls
|
Batting: RHB Mark Wasinger
|
0-0: Ball 1-0: Fly out, F9 (Flyball, 89S, EV 90.6 MPH)
|
Batting: RHB Richard Givens
|
0-0: Called Strike 0-1: Ball 1-1: Ball 2-1: Ball 3-1: Base on Balls Ken Dowell to second
|
Batting: RHB Frank LaBella
|
0-0: Ball 1-0: Fly out, F9 (Flyball, 9LM, EV 87.5 MPH) Runner from 2nd tags up, SAFE at 3rd, no throw by RF
|
Batting: RHB Edwin Rodriguez
|
0-0: Ground out 5-3 (Groundball, 15, EV 92.5 MPH)
|
Bottom of the 3rd over - 0 runs, 0 hits, 0 errors, 2 left on base; Pawtucket 2 - Elmira 1 |
TOP OF THE 4TH |
Pawtucket Paw Sox batting - Pitching for Elmira Pioneers : RHP Dwayne Henry
|
Batting: RHB Robert Duran
|
0-0: Foul Ball, location: 2F 0-1: Called Strike 0-2: Strikes out swinging
|
Batting: RHB Joseph Baciotti
|
0-0: Called Strike 0-1: Ball 1-1: Swinging Strike 1-2: Ball 2-2: Foul Ball, location: 2F 2-2: SINGLE (Groundball, 4MD, EV 110.0 MPH)
|
Batting: RHB Gary Hargis
|
0-0: Fly out, F2 (Popup, 2RF, EV 86.3 MPH)
|
Batting: LHB Jeff Stone
|
0-0: Called Strike 0-1: DOUBLE (Line Drive, 7LS, EV 99.4 MPH) Joseph Baciotti to third Runner from 3rd tries for Home, SAFE, throw by LF to home
|
Batting: RHB Shooty Babitt
|
0-0: Ball 1-0: Foul Ball, location: 2F 1-1: DOUBLE (Line Drive, 9LM, EV 107.5 MPH) Jeff Stone scores
|
Batting: SHB Orestes Destrade
|
0-0: Called Strike 0-1: Ball 1-1: Foul Ball, location: 2F 1-2: Ball 2-2: Strikes out swinging
|
Top of the 4th over - 2 runs, 3 hits, 0 errors, 1 left on base; Pawtucket 4 - Elmira 1 |
BOTTOM OF THE 4TH |
Elmira Pioneers batting - Pitching for Pawtucket Paw Sox : LHP John Hobbs
|
Batting: SHB Esteban Mendez
|
0-0: Ball 1-0: Foul Ball, location: 2F 1-1: SINGLE (Flyball, 8LS, EV 93.8 MPH)
|
Batting: LHB Juan Flores
|
0-0: Swinging Strike 0-1: Called Strike 0-2: Foul Ball, location: 2F 0-2: Ball 1-2: Fly out, F7 (Flyball, 78M, EV 81.3 MPH)
|
Batting: RHB Greg Keatley
|
0-0: Ball 1-0: Ball 2-0: SINGLE (Groundball, 13, EV 68.8 MPH) (infield hit) Esteban Mendez to second
|
Batting: LHB Thad Reece
|
0-0: Ball 1-0: Foul Ball, location: 2F 1-1: Foul Ball, location: 2F 1-2: TRIPLE (Flyball, 9LD, EV 98.8 MPH) Esteban Mendez scores Greg Keatley scores
|
Batting: RHB Ken Dowell
|
0-0: Fly out, F7 (Flyball, 7S, EV 94.4 MPH)
|
Batting: RHB Mark Wasinger
|
0-0: Fly out, F9 (Flyball, 9LS, EV 84.4 MPH)
|
Bottom of the 4th over - 2 runs, 3 hits, 0 errors, 1 left on base; Pawtucket 4 - Elmira 3 |
TOP OF THE 5TH |
Pawtucket Paw Sox batting - Pitching for Elmira Pioneers : RHP Dwayne Henry
|
Batting: LHB Steven Garcia
|
0-0: Ball 1-0: Ball 2-0: Ground out 4-3 (Groundball, 4, EV 76.3 MPH)
|
Batting: RHB Brick Smith
|
0-0: Ball 1-0: Ball 2-0: Foul Ball, location: 2F 2-1: Fly out, F9 (Flyball, 9D, EV 104.4 MPH)
|
Batting: RHB Dave Malpeso
|
0-0: Fly out, F8 (Flyball, 89D, EV 91.3 MPH)
|
Top of the 5th over - 0 runs, 0 hits, 0 errors, 0 left on base; Pawtucket 4 - Elmira 3 |
BOTTOM OF THE 5TH |
Elmira Pioneers batting - Pitching for Pawtucket Paw Sox : LHP John Hobbs
|
Batting: RHB Richard Givens
|
0-0: Ball 1-0: Ball 2-0: Foul Ball, location: 2F 2-1: Foul Ball, location: 2F 2-2: Strikes out swinging, 2-3 out at first.
|
Batting: RHB Frank LaBella
|
0-0: Ball 1-0: Swinging Strike 1-1: Ground out 5-3 (Groundball, 56, EV 83.8 MPH)
|
Batting: RHB Edwin Rodriguez
|
0-0: Fly out, F6 (Line Drive, 6, EV 60.6 MPH)
|
Bottom of the 5th over - 0 runs, 0 hits, 0 errors, 0 left on base; Pawtucket 4 - Elmira 3 |
TOP OF THE 6TH |
Pawtucket Paw Sox batting - Pitching for Elmira Pioneers : RHP Dwayne Henry
|
Batting: RHB Robert Duran
|
0-0: Foul Ball, location: 2F 0-1: Swinging Strike 0-2: Strikes out swinging
|
Batting: RHB Joseph Baciotti
|
0-0: Ball 1-0: Foul Ball, location: 2F 1-1: Swinging Strike 1-2: Foul Ball, location: 2F 1-2: Foul Ball, location: 2F 1-2: Strikes out swinging
|
Batting: RHB Gary Hargis
|
0-0: Fly out, F7 (Flyball, 7LD, EV 103.8 MPH)
|
Top of the 6th over - 0 runs, 0 hits, 0 errors, 0 left on base; Pawtucket 4 - Elmira 3 |
BOTTOM OF THE 6TH |
Elmira Pioneers batting - Pitching for Pawtucket Paw Sox : LHP John Hobbs
|
Batting: SHB Esteban Mendez
|
0-0: Ball 1-0: DOUBLE (Line Drive, 78D, EV 108.1 MPH)
|
Batting: LHB Juan Flores
|
0-0: Foul Ball, location: 2F 0-1: Ball 1-1: Ball 2-1: Called Strike 2-2: Ball 3-2: Foul Ball, location: 2F 3-2: Foul Ball, location: 2F 3-2: Foul Ball, location: 2F 3-2: Base on Balls
|
Batting: RHB Greg Keatley
|
0-0: Called Strike 0-1: Foul Ball, location: 2F 0-2: Ball 1-2: Fielders Choice at 2nd, 6-4 (Groundball, 6M, EV 83.8 MPH) Esteban Mendez to third
|
Batting: LHB Thad Reece
|
0-0: DOUBLE (Line Drive, 7LS, EV 91.9 MPH) Esteban Mendez scores Greg Keatley to third Runner from 3rd tries for Home, SAFE, no throw by LF
|
Pitching: RHP Chris Lein
|
|
Pinch Runner at 2nd Michael Reeder:
|
|
Batting: RHB Ken Dowell
|
0-0: Ball 1-0: Ball 2-0: Foul Ball, location: 2F 2-1: Ball 3-1: SINGLE (Line Drive, 4D, EV 97.5 MPH) Michael Reeder to third Runner from 3rd tries for Home, SAFE, throw by CF to home
|
Batting: RHB Mark Wasinger
|
0-0: Called Strike 0-1: Fly out, F4 (Popup, 34, EV 55.6 MPH)
|
Batting: RHB Richard Givens
|
0-0: Fly out, F3 (Flyball, 3D, EV 77.5 MPH)
|
Bottom of the 6th over - 3 runs, 3 hits, 0 errors, 1 left on base; Pawtucket 4 - Elmira 6 |
TOP OF THE 7TH |
Pawtucket Paw Sox batting - Pitching for Elmira Pioneers : RHP Dwayne Henry
|
Batting: LHB Jeff Stone
|
0-0: Ball 1-0: Called Strike 1-1: Foul Ball, location: 2F 1-2: Ball 2-2: Fly out, F7 (Flyball, 78S, EV 90.0 MPH)
|
Batting: RHB Shooty Babitt
|
0-0: Ball 1-0: Ball 2-0: Ground out 6-3 (Groundball, 4MS, EV 83.8 MPH)
|
Batting: SHB Orestes Destrade
|
0-0: Ball 1-0: Ball 2-0: Ball 3-0: Called Strike 3-1: Base on Balls
|
Batting: LHB Steven Garcia
|
0-0: Ball 1-0: Fly out, F8 (Line Drive, 8RD, EV 109.4 MPH)
|
Top of the 7th over - 0 runs, 0 hits, 0 errors, 1 left on base; Pawtucket 4 - Elmira 6 |
BOTTOM OF THE 7TH |
Elmira Pioneers batting - Pitching for Pawtucket Paw Sox : RHP Chris Lein
|
Batting: RHB Frank LaBella
|
0-0: Ball 1-0: Ball 2-0: Foul Ball, location: 2F 2-1: Foul Ball, location: 2F 2-2: Foul Ball, location: 2F 2-2: Foul Ball, location: 2F 2-2: Fly out, F3 (Popup, 3S, EV 69.4 MPH)
|
Batting: RHB Edwin Rodriguez
|
0-0: Ball 1-0: DOUBLE (Flyball, 8RXD, EV 96.3 MPH)
|
Batting: SHB Esteban Mendez
|
0-0: SINGLE (Groundball, 25, EV 68.8 MPH) (infield hit) Edwin Rodriguez to third
|
Batting: LHB Juan Flores
|
0-0: Called Strike 0-1: Fly out, F9 (Flyball, 89D, EV 94.4 MPH) Runner from 3rd tags up, SCORES, no throw by RF
|
Batting: RHB Greg Keatley
|
0-0: Ball 1-0: Ball 2-0: Fly out, F8 (Flyball, 89XD, EV 91.3 MPH)
|
Bottom of the 7th over - 1 run, 2 hits, 0 errors, 1 left on base; Pawtucket 4 - Elmira 7 |
TOP OF THE 8TH |
Pawtucket Paw Sox batting - Pitching for Elmira Pioneers : RHP Dwayne Henry
|
Batting: RHB Brick Smith
|
0-0: Foul Ball, location: 2F 0-1: Ball 1-1: Foul Ball, location: 2F 1-2: Fly out, F7 (Flyball, 7D, EV 87.5 MPH)
|
Pitching: LHP Pat Perry
|
|
Batting: RHB Dave Malpeso
|
0-0: Ball 1-0: Ball 2-0: SINGLE (Flyball, 5D, EV 94.4 MPH)
|
Batting: RHB Robert Duran
|
0-0: Called Strike 0-1: Called Strike 0-2: Foul Ball, location: 2F 0-2: Ball 1-2: Ball 2-2: Fielders Choice at 2nd, 5-4 (Groundball, 56D, EV 101.9 MPH)
|
Batting: RHB Joseph Baciotti
|
0-0: Ball 1-0: Ball 2-0: Ball 3-0: Called Strike 3-1: Fly out, F8 (Flyball, 8RS, EV 78.8 MPH)
|
Top of the 8th over - 0 runs, 1 hit, 0 errors, 1 left on base; Pawtucket 4 - Elmira 7 |
BOTTOM OF THE 8TH |
Elmira Pioneers batting - Pitching for Pawtucket Paw Sox : RHP Chris Lein
|
Batting: SHB Michael Reeder
|
0-0: Ball 1-0: Ball 2-0: Ground out 4-3 (Groundball, 4S, EV 94.4 MPH)
|
Batting: RHB Ken Dowell
|
0-0: Called Strike 0-1: Swinging Strike 0-2: Strikes out looking
|
Batting: RHB Mark Wasinger
|
0-0: Ball 1-0: Ball 2-0: Ground out 5-3 (Groundball, 56, EV 85.6 MPH)
|
Bottom of the 8th over - 0 runs, 0 hits, 0 errors, 0 left on base; Pawtucket 4 - Elmira 7 |
TOP OF THE 9TH |
Pawtucket Paw Sox batting - Pitching for Elmira Pioneers : LHP Pat Perry
|
Batting: RHB Gary Hargis
|
0-0: Swinging Strike 0-1: Called Strike 0-2: Ball 1-2: Strikes out swinging
|
Batting: LHB Jeff Stone
|
0-0: Called Strike 0-1: Called Strike 0-2: Ball 1-2: Foul Ball, location: 2F 1-2: Foul Ball, location: 2F 1-2: Strikes out swinging
|
Batting: RHB Shooty Babitt
|
0-0: Fly out, F2 (Popup, 23F, EV 86.3 MPH)
|
Top of the 9th over - 0 runs, 0 hits, 0 errors, 0 left on base; Pawtucket 4 - Elmira 7 |
|